 Dungeon Crawl Stone Soup version 0.31.0-9-g3a7656b989 (webtiles) character file.

Game seed: 6829251638402082970

743 qw the Skirmisher (level 7, -2/40 HPs)
             Began as a Deep Elf Hunter on Feb 2, 2024.
             Was an Initiate of Okawaru.
             Slain by an iguana (11 damage)
             ... on level 6 of the Dungeon.
             The game lasted 00:00:15 (3911 turns).

qw the Skirmisher (Deep Elf Hunter)                 Turns: 3911, Time: 00:00:15

Health: -2/40      AC:  8    Str: 16    XL:     7   Next: 47%
Magic:  9/9        EV: 12    Int: 14    God:    Okawaru [......]
Gold:   154        SH:  0    Dex: 18    Spells: 6/6 levels left

rFire   . . .        f - +0 orcbow (freeze)
rCold   . . .        (shield currently unavailable)
rNeg    . . .        g - +0 ring mail
rPois   .            (helmet restricted)
rElec   .            (no cloak)
rCorr   .            (no gloves)
SInv    .            a - +0 pair of boots
Will    .....        (no amulet)
Stlth   +            d - +6 ring of strength
HPRegen 0.26/turn    (no ring)
MPRegen 0.11/turn

%: no passive effects
@: lethally poisoned (-2 -> -10)
A: horns 1, iridescent scales 1
a: Renounce Religion


You were on level 6 of the Dungeon.
You worshipped Okawaru.
Okawaru was noncommittal.
You visited 2 branches of the dungeon, and saw 8 of its levels.
You also visited: Sewer.

You collected 178 gold pieces.
You spent 24 gold pieces at shops.


Innate Abilities, Weirdness & Mutations

You have a pair of small horns on your head.
You are partially covered in iridescent scales. (AC +2)


   Skills:
 - Level 2.0 Fighting
 - Level 11.3 Ranged Weapons
 - Level 1.2 Armour
 + Level 3.4 Dodging
 - Level 1.2 Stealth


You had 6 spell levels left.
You didn't know any spells.
Your spell library was empty.

Inventory:

Hand Weapons
 f - a +0 orcbow of freezing (weapon)
Armour
 a - a +0 pair of boots (worn)
 g - a +0 ring mail (worn)
Jewellery
 d - a +6 ring of strength (left hand)
Scrolls
 h - 3 scrolls of teleportation
Potions
 b - a potion of heal wounds
 c - 3 potions of resistance
 e - a potion of cancellation {unknown}
 j - 3 potions of curing
 k - a potion of mutation
 l - a potion of haste
 m - a potion of brilliance {unknown}

Dungeon Overview and Level Annotations

Branches:
Dungeon (7/15)             Temple (1/1) D:4           Sewer (visited)

Altars:
Cheibriados
Elyvilon
Fedhas
Hepliaklqana
Kikubaaqudgha
Nemelex Xobeh
Okawaru
Ru
Sif Muna
Uskayaw
Vehumet
Wu Jian
Zin
The Shining One

Shops:
D:1 *


Message History

The arrow closely misses the killer bee.
The arrow closely misses the orc priest.
The killer bee misses you. The killer bee barely misses you.
The orc priest mumbles some strange prayers to Beogh against you.
Beogh smites you!
You shoot an arrow.
The arrow closely misses the killer bee.
The arrow hits the orc priest.
The arrow freezes the orc priest.
You kill the orc priest!
Okawaru accepts your kill.
The killer bee stings you but does no damage. x2
You shoot an arrow.
The arrow closely misses the killer bee.
The killer bee barely misses you. x2
An iguana comes into view.
You shoot an arrow. The arrow misses the killer bee.
The iguana hisses angrily.
The killer bee closely misses you.
The killer bee stings you but does no damage.
You shoot an arrow. The arrow hits the killer bee!
The arrow freezes the killer bee.
The killer bee is almost dead.
The killer bee stings you but does no damage.
The killer bee closely misses you.
You shoot an arrow. The arrow misses the killer bee.
The killer bee closely misses you. The killer bee stings you.
You are poisoned.
The killer bee poisons you!
You shoot an arrow.
The arrow hits the killer bee but does no damage.
The killer bee is severely wounded.
You feel sick.
The killer bee stings you but does no damage. x2
You shoot an arrow. The arrow misses the killer bee.
You feel sick.
The killer bee stings you but does no damage.
The killer bee stings you.
You are more poisoned.
The killer bee poisons you! The iguana bites you!
You die...

## .# .# .# .
.# #.. .# ###
.....###l#.....
#......@...#
.....##y.###
#.. .).# .
#...# .<..#
###.## ... #.#


You could see an iguana and a killer bee.

Vanquished Creatures
  An ogre (D:3)
  2 phantoms (D:4)
  A scorpion (D:5)
  4 jellies
  An orc priest (D:6)
  Terence (D:2)
  Jessica (D:2)
  A gnoll (D:1)
  2 river rats (Sewer)
  9 adders
  A shadow imp (D:4)
  4 dart slugs
  4 ribbon worms
  8 orcs
  16 endoplasms
  4 giant cockroaches
  13 goblins
  6 hobgoblins
  6 jackals
  6 kobolds
  A quokka (D:2)
  13 ball pythons
  3 bats
  5 frilled lizards
  8 rats
121 creatures vanquished.

Notes
Turn   | Place    | Note
-------+----------+-------------------------------------------
     0 | D:1      | qw the Deep Elf Hunter began the quest for the Orb.
     0 | D:1      | Reached XP level 1. HP: 12/12 MP: 3/3
     0 | D:1      | 0 ||| qw: Version: 0.3-a-155-g5e7d8dd
     0 | D:1      | 0 ||| qw: Game counter: 1129
     0 | D:1      | 0 ||| qw: Melee chars always use a shield: true
     0 | D:1      | 0 ||| qw: God list: Okawaru
     0 | D:1      | 0 ||| qw: Allow faded altars: false
     0 | D:1      | 0 ||| qw: Do Orc after clearing Dungeon:15 true
     0 | D:1      | 0 ||| qw: Do second Lair branch before Depths: true
     0 | D:1      | 0 ||| qw: Lair rune preference: random
     0 | D:1      | 0 ||| qw: Goals: Normal
     0 | D:1      | 0 ||| PLANNING D:1-11
    83 | D:1      | Reached skill level 6 in Ranged Weapons
    83 | D:1      | Reached XP level 2. HP: 16/16 MP: 4/4
   329 | D:1      | Found Waunn's Assorted Antiques.
   342 | D:1      | 342 ||| SHOPLISTING ring mail (96 gold, have 44).
   342 | D:1      | 342 ||| BUYING scroll labelled ICHIRYFEPT (24 gold).
   342 | D:1      | Bought a scroll labelled ICHIRYFEPT for 24 gold pieces
   342 | D:1      | 342 ||| SHOPLISTING scroll labelled USYFUR JAFODEL (24
                  | gold, have 20).
   342 | D:1      | 342 ||| SHOPLISTING white potion (21 gold, have 20).
   383 | D:1      | Reached XP level 3. HP: 20/20 MP: 5/5
   664 | D:1      | 664 ||| UPGRADING to +0 ring mail.
   674 | D:1      | 674 ||| DROPPING +0 leather armour.
   675 | D:1      | 675 ||| READING scroll labelled FENIPR KOAQ.
   776 | D:1      | 776 ||| READING 2 scrolls labelled ICHIRYFEPT.
   777 | D:1      | 777 ||| READING scroll labelled REMPIN WEKKIDE.
   777 | D:1      | 777 ||| ENCHANTING +0 shortbow.
   778 | D:1      | 778 ||| DROPPING scroll of butterflies.
   779 | D:1      | 779 ||| DROPPING scroll of blinking.
   845 | D:2      | Reached skill level 7 in Ranged Weapons
   998 | D:2      | Reached XP level 4. HP: 19/25 MP: 6/6
  1062 | D:2      | Noticed Jessica
  1064 | D:2      | Killed Jessica
  1094 | D:2      | Noticed Terence
  1101 | D:2      | Killed Terence
  1102 | D:2      | Reached skill level 8 in Ranged Weapons
  1383 | D:2      | Reached XP level 5. HP: 29/29 MP: 7/7
  1522 | D:2      | 1522 ||| UPGRADING to +6 ring of strength.
  1523 | D:2      | 1523 ||| READING 2 scrolls labelled HEIHYEZAAN.
  1624 | D:2      | 1624 ||| READING scroll labelled JOUTO POLUTRIA.
  1624 | D:2      | Identified a scroll of acquirement
  1624 | D:2      | 1624 ||| ACQUIRING +0 orcbow of freezing
  1624 | D:2      | Acquired a +0 orcbow of freezing
  1626 | D:2      | 1626 ||| SWAPPING to +0 orcbow of freezing.
  1627 | D:2      | 1627 ||| DROPPING +1 shortbow.
  1628 | D:2      | 1628 ||| READING 3 scrolls labelled ZEMMET YTUI.
  1631 | D:2      | 1631 ||| READING 3 scrolls labelled WUMOGU YSUSI.
  1631 | D:2      | 1631 ||| IDENTIFYING orange potion
  1632 | D:2      | 1632 ||| READING 2 scrolls of identify.
  1632 | D:2      | 1632 ||| IDENTIFYING purple potion
  1633 | D:2      | 1633 ||| READING scroll of identify.
  1633 | D:2      | 1633 ||| IDENTIFYING 2 smoky yellow potions
  1634 | D:2      | 1634 ||| DROPPING scroll of silence.
  1643 | D:3      | 1643 ||| PLANNING SEWER
  1666 | D:3      | Noticed an ogre
  1667 | D:3      | 1667 ||| DRINKING potion of haste.
  1671 | D:3      | Killed an ogre
  1672 | D:3      | Reached skill level 9 in Ranged Weapons
  2254 | D:3      | Found a glowing drain.
  2255 | D:3      | 2255 ||| DROPPING +6 ring of intelligence.
  2256 | D:3      | 2256 ||| READING scroll labelled PUIJUTYUPNA.
  2317 | Sewer    | Entered a sewer
  2332 | Sewer    | Reached XP level 6. HP: 35/35 MP: 8/8
  2396 | Sewer    | Reached skill level 3 in Dodging
  2520 | Sewer    | Found a viscous altar of Jiyva.
  2555 | Sewer    | Reached skill level 10 in Ranged Weapons
  2563 | Sewer    | 2563 ||| READING scroll labelled ONUOKHL RURERI.
  2564 | Sewer    | 2564 ||| DRINKING 2 cyan potions.
  2565 | Sewer    | 2565 ||| DRINKING 2 golden potions.
  2565 | Sewer    | Gained mutation: You are partially covered in iridescent
                  | scales. (AC +2) [potion of mutation]
  2565 | Sewer    | Gained mutation: You have a pair of small horns on your
                  | head. [potion of mutation]
  2587 | D:3      | 2587 ||| PLANNING D:1-11
  2857 | D:4      | Found a hide-covered altar of Uskayaw.
  3006 | D:4      | Reached XP level 7. HP: 20/40 MP: 9/9
  3277 | D:4      | Found a staircase to the Ecumenical Temple.
  3278 | D:4      | 3278 ||| PLANNING TEMPLE
  3278 | D:4      | 3278 ||| UPGRADING to +0 pair of boots.
  3283 | D:4      | 3283 ||| READING 2 scrolls of identify.
  3283 | D:4      | 3283 ||| IDENTIFYING fuming blue potion
  3284 | D:4      | 3284 ||| READING scroll of identify.
  3284 | D:4      | 3284 ||| IDENTIFYING fuming amethyst potion
  3285 | D:4      | 3285 ||| DROPPING potion of lignification.
  3286 | D:4      | 3286 ||| DROPPING potion of invisibility.
  3291 | Temple   | Entered the Ecumenical Temple
  3292 | Temple   | 3292 ||| PLANNING D:1-11
  3603 | D:4      | Found an iron altar of Okawaru.
  3604 | D:4      | 3604 ||| PLANNING OKAWARU WORSHIP
  3611 | D:4      | Became a worshipper of Warmaster Okawaru
  3612 | D:4      | 3612 ||| PLANNING D:1-11
  3756 | D:5      | Entered Level 5 of the Dungeon
  3770 | D:5      | 3770 ||| STAIRDANCE
  3774 | D:4      | Reached skill level 11 in Ranged Weapons
  3821 | D:5      | Reached skill level 1 in Armour
  3831 | D:5      | You fall into a shaft and drop 2 floors!
  3897 | D:6      | 3897 ||| PLANNING OSSUARY
  3911 | D:6      | HP: 9/40 [killer bee (2)]
  3911 | D:6      | Slain by an iguana

Levels and vault maps discovered:
D:1:      elethiomel_arrival_shortcut, layout_basic, serial_shops, shop
D:2:      minmay_inner_zag, layout_loops_ring, chequers_hall_statues_wall_a,
          minmay_misc_feat_cross, uniq_terence, uniq_jessica
D:3:      layout_loops_ring, portal_sewer_entry_d
D:4:      layout_loops_corners, nicolae_uskayaw_suspiria,
          lemuel_coloured_pillars_altar, temple_doors_ab,
          serial_library_hellmonk_narrow_alcove, grunt_ministairs_5
D:5:      layout_basic, makhleb_blood_cavern_becter, item_on_display_a
D:6:      layout_basic, mainiacjoe_overflow_paths, grunt_qazlal_clouds,
          nicolae_ossuary_entry_catacombs, small_statue_intersection,
          minmay_tree_intersection, minmay_misc_feat_pillars, uniq_grinder,
          uniq_pikel
D:7:      layout_basic, lemuel_doored_altar, lemuel_flamethrower_2
Temple:   nicolae_temple_no_exploring_needed

Skill      XL: |  1  2  3  4  5  6  7 |
---------------+----------------------+-----
Ranged Weapons | 6 7 8 9 10 11 | 11.3
Fighting       | 2 |  2.0
Dodging        | 3 |  3.4
Armour         | 1 |  1.2
Stealth        | |  1.2

Action                     |  1- 3 |  4- 6 |  7- 9 || total
---------------------------+-------+-------+-------++-------
   Fire: Shortbow          |   111 |    46 |       ||   157
         Orcbow            |       |   125 |    65 ||   190
    Use: Scroll            |     3 |     8 |     2 ||    13
         Potion            |       |     3 |       ||     3
 Armour: Leather armour    |     7 |       |       ||     7
         Ring mail         |    13 |    18 |    26 ||    57
  Dodge: Dodged            |    24 |    28 |    24 ||    76

Table legend:
 A = Non-vault XP
 B = Vault XP
 C = Vault XP percentage of total XP
 D = Non-vault monster count
 E = Vault monster count
 F = Vault count percentage of total count
                 A         B        C        D         E       F
            +---------+---------+-------+---------+---------+-------
      Total |     718 |     344 |  32.4 |      80 |      41 |  33.9
            +---------+---------+-------+---------+---------+-------
        D:1 |      58 |       0 |   0.0 |      25 |       0 |   0.0
        D:2 |      58 |      94 |  61.8 |      21 |       7 |  25.0
        D:3 |     153 |      13 |   7.8 |      10 |       1 |   9.1
        D:4 |     307 |      15 |   4.7 |      16 |       3 |  15.8
        D:5 |      95 |       0 |   0.0 |       5 |       0 |   0.0
        D:6 |      47 |       0 |   0.0 |       3 |       0 |   0.0
      Sewer |       0 |     222 | 100.0 |       0 |      30 | 100.0
            +---------+---------+-------+---------+---------+-------
